| TOP OF THE 1ST |
|
Southern Maryland Blue Crabs batting - Pitching for New Jersey Devils : LHP Joe Edwards
|
|
Pitching: LHP Joe Edwards
|
|
|
Batting: RHB Danny Baeza
|
0-0: Foul Ball, location: 2F 0-1: Foul Ball, location: 2F 0-2: Ball 1-2: Ball 2-2: Foul Ball, location: 2F 2-2: Strikes out swinging
|
|
Batting: RHB Ben Sutton
|
0-0: Called Strike 0-1: Swinging Strike 0-2: Ball 1-2: Fly out, F9 (Flyball, 9S, EV 82.5 MPH)
|
|
Batting: RHB Daniel Jackson
|
0-0: Ball 1-0: Ball 2-0: Called Strike 2-1: Foul Ball, location: 2F 2-2: DOUBLE (Flyball, 78XD, EV 99.4 MPH)
|
|
Batting: RHB J.J. Basil
|
0-0: Foul Ball, location: 2F 0-1: Ball 1-1: Ball 2-1: Reached on error, E5 (Groundball, 56S, EV 81.3 MPH) Daniel Jackson to third
|
|
Batting: LHB Eric Jackson
|
0-0: Called Strike 0-1: Called Strike 0-2: Ground out 4-3 (Groundball, 4, EV 86.9 MPH)
|
| Top of the 1st over - 0 runs, 1 hit, 1 error, 2 left on base; Southern Maryland 0 - New Jersey 0 |
| BOTTOM OF THE 1ST |
|
New Jersey Devils batting - Pitching for Southern Maryland Blue Crabs : RHP Art Boulter
|
|
Pitching: RHP Art Boulter
|
|
|
Batting: LHB Matt Baker
|
0-0: Foul Ball, location: 2F 0-1: Called Strike 0-2: Strikes out swinging
|
|
Batting: SHB Alex Cavazos
|
0-0: Called Strike 0-1: Called Strike 0-2: Strikes out swinging
|
|
Batting: RHB Bobby Coulombe
|
0-0: Ball 1-0: Ball 2-0: Foul Ball, location: 2F 2-1: Ball 3-1: Hit by Pitch
|
|
Batting: RHB Gang-sheng Chew
|
0-0: Called Strike Bobby Coulombe steals 2nd base (no throw) 0-1: Ball 1-1: SINGLE (Groundball, 56D, EV 98.1 MPH) Bobby Coulombe to third Runner from 3rd tries for Home, throw by LF and OUT! 7-2
|
| Bottom of the 1st over - 0 runs, 1 hit, 0 errors, 1 left on base; Southern Maryland 0 - New Jersey 0 |
| TOP OF THE 2ND |
|
Southern Maryland Blue Crabs batting - Pitching for New Jersey Devils : LHP Joe Edwards
|
|
Batting: RHB Tony Godley
|
0-0: Fly out, F8 (Line Drive, 8LM, EV 86.3 MPH)
|
|
Batting: RHB Honório Szenes
|
0-0: Called Strike 0-1: Called Strike 0-2: Fly out, F9 (Flyball, 9, EV 87.5 MPH)
|
|
Batting: RHB Matt Berrier
|
0-0: Foul Ball, location: 2F 0-1: Foul Ball, location: 2F 0-2: Ball 1-2: DOUBLE (Line Drive, 89D, EV 112.5 MPH)
|
|
Batting: RHB Danny Ayala
|
0-0: Ball 1-0: Ball 2-0: Ball 3-0: Called Strike 3-1: Swinging Strike 3-2: Fly out, F5 (Flyball, 5D, EV 81.9 MPH)
|
| Top of the 2nd over - 0 runs, 1 hit, 0 errors, 1 left on base; Southern Maryland 0 - New Jersey 0 |
| BOTTOM OF THE 2ND |
|
New Jersey Devils batting - Pitching for Southern Maryland Blue Crabs : RHP Art Boulter
|
|
Batting: LHB Bayesa Mundhir
|
0-0: Foul Ball, location: 2F 0-1: Called Strike 0-2: Ball 1-2: Strikes out swinging
|
|
Batting: LHB Dan Bremseth
|
0-0: Ball 1-0: Ball 2-0: SOLO HOME RUN (Flyball, 9LD, EV 95.6 MPH), Distance : 347 ft
|
|
Batting: SHB Keith Casner
|
0-0: Foul Ball, location: 2F 0-1: Ground out U3 (Groundball, 34, EV 97.5 MPH)
|
|
Batting: RHB Mike Hanks
|
0-0: Ball 1-0: Fly out, F8 (Flyball, 8RM, EV 91.9 MPH)
|
| Bottom of the 2nd over - 1 run, 1 hit, 0 errors, 0 left on base; Southern Maryland 0 - New Jersey 1 |
| TOP OF THE 3RD |
|
Southern Maryland Blue Crabs batting - Pitching for New Jersey Devils : LHP Joe Edwards
|
|
Batting: RHB Danny Baeza
|
0-0: Ball 1-0: SINGLE (Groundball, 6M, EV 111.9 MPH) (infield hit)
|
|
Batting: RHB Ben Sutton
|
0-0: Called Strike 0-1: Ball 1-1: Ball 2-1: Reached on error, E4 (Popup, 34, EV 78.8 MPH) Danny Baeza to second
|
|
Batting: RHB Daniel Jackson
|
0-0: Ball 1-0: Swinging Strike 1-1: Ball 2-1: Swinging Strike 2-2: Ball 3-2: Base on Balls Danny Baeza to third Ben Sutton to second
|
|
Batting: RHB J.J. Basil
|
0-0: Ball 1-0: Swinging Strike 1-1: Ball 2-1: Foul Ball, location: 2F 2-2: Fielders Choice at 2nd, 5-4 (Groundball, 56, EV 101.3 MPH) Danny Baeza scores Ben Sutton to third
|
|
Batting: LHB Eric Jackson
|
0-0: Ball 1-0: Called Strike 1-1: Called Strike 1-2: Ball 2-2: SINGLE (Groundball, 34D, EV 103.8 MPH) Ben Sutton scores J.J. Basil to second Runner from 2nd tries for 3rd, SAFE, throw by RF made to third
|
|
Batting: RHB Tony Godley
|
0-0: Called Strike Eric Jackson is caught stealing 2nd base 2-4 0-1: Ground out 6-3 (Groundball, 6S, EV 88.1 MPH)
|
| Top of the 3rd over - 2 runs, 2 hits, 1 error, 1 left on base; Southern Maryland 2 - New Jersey 1 |
| BOTTOM OF THE 3RD |
|
New Jersey Devils batting - Pitching for Southern Maryland Blue Crabs : RHP Art Boulter
|
|
Batting: SHB Jerry Burrows
|
0-0: Foul Ball, location: 2F 0-1: Called Strike 0-2: Foul Ball, location: 2F 0-2: Ball 1-2: Foul Ball, location: 2F 1-2: Ball 2-2: Strikes out swinging
|
|
Batting: LHB Matt Baker
|
0-0: Called Strike 0-1: Swinging Strike 0-2: Ball 1-2: Strikes out swinging
|
|
Batting: SHB Alex Cavazos
|
0-0: Called Strike 0-1: Called Strike 0-2: Strikes out swinging
|
| Bottom of the 3rd over - 0 runs, 0 hits, 0 errors, 0 left on base; Southern Maryland 2 - New Jersey 1 |
| TOP OF THE 4TH |
|
Southern Maryland Blue Crabs batting - Pitching for New Jersey Devils : LHP Joe Edwards
|
|
Batting: RHB Honório Szenes
|
0-0: Ground out 4-3 (Groundball, 4, EV 103.8 MPH)
|
|
Batting: RHB Matt Berrier
|
0-0: Ball 1-0: Called Strike 1-1: Ball 2-1: Ground out 6-3 (Groundball, 6S, EV 79.4 MPH)
|
|
Batting: RHB Danny Ayala
|
0-0: Called Strike 0-1: Foul Ball, location: 2F 0-2: Ball 1-2: Ball 2-2: Foul Ball, location: 2F 2-2: Foul Ball, location: 2F 2-2: Foul Ball, location: 2F 2-2: Ball 3-2: Base on Balls
|
|
Batting: RHB Danny Baeza
|
0-0: Called Strike 0-1: Ball 1-1: Ball 2-1: Ball 3-1: Base on Balls Danny Ayala to second
|
|
Batting: RHB Ben Sutton
|
0-0: Ball 1-0: Ball 2-0: Ball Wild Pitch! Danny Ayala to third Danny Baeza to second 3-0: Called Strike 3-1: Called Strike 3-2: SINGLE (Line Drive, 4MD, EV 94.4 MPH) Danny Ayala scores Danny Baeza to third Runner from 3rd tries for Home, SAFE, throw by CF to home
|
|
Batting: RHB Daniel Jackson
|
0-0: Ball 1-0: Ball 2-0: Ball 3-0: Base on Balls Ben Sutton to second
|
|
Batting: RHB J.J. Basil
|
0-0: Called Strike 0-1: Swinging Strike 0-2: Strikes out swinging
|
| Top of the 4th over - 2 runs, 1 hit, 0 errors, 2 left on base; Southern Maryland 4 - New Jersey 1 |
| BOTTOM OF THE 4TH |
|
New Jersey Devils batting - Pitching for Southern Maryland Blue Crabs : RHP Art Boulter
|
|
Batting: RHB Bobby Coulombe
|
0-0: Ball 1-0: Foul Ball, location: 2F 1-1: Ball 2-1: Fly out, F8 (Flyball, 8LS, EV 90.0 MPH)
|
|
Batting: RHB Gang-sheng Chew
|
0-0: Ball 1-0: Called Strike 1-1: Swinging Strike 1-2: Strikes out swinging
|
|
Batting: LHB Bayesa Mundhir
|
0-0: Called Strike 0-1: Ball 1-1: Ball 2-1: SINGLE (Groundball, 3D, EV 104.4 MPH)
|
|
Batting: LHB Dan Bremseth
|
0-0: Foul Ball, location: 2F 0-1: Fielders Choice at 2nd, U6 (Groundball, 6M, EV 103.1 MPH)
|
| Bottom of the 4th over - 0 runs, 1 hit, 0 errors, 1 left on base; Southern Maryland 4 - New Jersey 1 |
| TOP OF THE 5TH |
|
Southern Maryland Blue Crabs batting - Pitching for New Jersey Devils : LHP Joe Edwards
|
|
Batting: LHB Eric Jackson
|
0-0: Ball 1-0: Ball 2-0: Ball 3-0: Called Strike 3-1: Base on Balls
|
|
Batting: RHB Tony Godley
|
0-0: SINGLE (Line Drive, 34D, EV 98.8 MPH) Eric Jackson to second Runner from 2nd tries for 3rd, SAFE, throw by RF made to third
|
|
Batting: RHB Honório Szenes
|
0-0: Ball 1-0: Swinging Strike 1-1: Ball 2-1: Foul Ball, location: 2F 2-2: Fielders Choice at 2nd, 4-6 (Groundball, 4, EV 98.8 MPH) Eric Jackson scores
|
|
Batting: RHB Matt Berrier
|
0-0: Ball 1-0: Ball 2-0: Grounds into double play, 5-4-3 (Groundball, 5S, EV 87.5 MPH)
|
| Top of the 5th over - 1 run, 1 hit, 0 errors, 0 left on base; Southern Maryland 5 - New Jersey 1 |
| BOTTOM OF THE 5TH |
|
New Jersey Devils batting - Pitching for Southern Maryland Blue Crabs : RHP Art Boulter
|
|
Batting: SHB Keith Casner
|
0-0: Called Strike 0-1: Ball 1-1: Ground out 4-3 (Groundball, 4M, EV 108.8 MPH)
|
|
Batting: RHB Mike Hanks
|
0-0: Called Strike 0-1: Ball 1-1: Ground out 1-3 (Groundball, 15, EV 70.6 MPH)
|
|
Batting: SHB Jerry Burrows
|
0-0: Called Strike 0-1: Called Strike 0-2: Strikes out swinging
|
| Bottom of the 5th over - 0 runs, 0 hits, 0 errors, 0 left on base; Southern Maryland 5 - New Jersey 1 |
| TOP OF THE 6TH |
|
Southern Maryland Blue Crabs batting - Pitching for New Jersey Devils : LHP Joe Edwards
|
|
Pitching: LHP Jared Deckard
|
|
|
Batting: RHB Danny Ayala
|
0-0: Ball 1-0: Fly out, F3 (Popup, 34, EV 61.9 MPH)
|
|
Batting: RHB Danny Baeza
|
0-0: Fly out, F8 (Flyball, 8RM, EV 91.9 MPH)
|
|
Batting: RHB Ben Sutton
|
0-0: Called Strike 0-1: Ball 1-1: Fly out, F8 (Flyball, 8LM, EV 90.0 MPH)
|
| Top of the 6th over - 0 runs, 0 hits, 0 errors, 0 left on base; Southern Maryland 5 - New Jersey 1 |
| BOTTOM OF THE 6TH |
|
New Jersey Devils batting - Pitching for Southern Maryland Blue Crabs : RHP Art Boulter
|
|
Batting: LHB Matt Baker
|
0-0: Called Strike 0-1: Called Strike 0-2: Ball 1-2: Strikes out swinging
|
|
Batting: SHB Alex Cavazos
|
0-0: Ball 1-0: Ground out 4-3 (Groundball, 4, EV 87.5 MPH)
|
|
Batting: RHB Bobby Coulombe
|
0-0: Called Strike 0-1: Foul Ball, location: 2F 0-2: Strikes out looking
|
| Bottom of the 6th over - 0 runs, 0 hits, 0 errors, 0 left on base; Southern Maryland 5 - New Jersey 1 |
| TOP OF THE 7TH |
|
Southern Maryland Blue Crabs batting - Pitching for New Jersey Devils : LHP Jared Deckard
|
|
Batting: RHB Daniel Jackson
|
0-0: Ball 1-0: Called Strike 1-1: Ball 2-1: Swinging Strike 2-2: Strikes out looking
|
|
Batting: RHB J.J. Basil
|
0-0: Ball 1-0: Swinging Strike 1-1: Ball 2-1: Foul Ball, location: 2F 2-2: Strikes out swinging
|
|
Batting: LHB Eric Jackson
|
0-0: Ball 1-0: Ball 2-0: Called Strike 2-1: SINGLE (Groundball, 4M, EV 95.0 MPH)
|
|
Batting: RHB Tony Godley
|
0-0: Ball Eric Jackson is caught stealing 2nd base 2-4
|
| Top of the 7th over - 0 runs, 1 hit, 0 errors, 0 left on base; Southern Maryland 5 - New Jersey 1 |
| BOTTOM OF THE 7TH |
|
New Jersey Devils batting - Pitching for Southern Maryland Blue Crabs : RHP Art Boulter
|
|
Batting: RHB Gang-sheng Chew
|
0-0: Ball 1-0: Ball 2-0: Ball 3-0: Called Strike 3-1: Called Strike 3-2: Fly out, F9 (Flyball, 9, EV 74.4 MPH)
|
|
Pitching: RHP Oscar Chacon
|
|
|
Batting: LHB Bayesa Mundhir
|
0-0: Ball 1-0: Swinging Strike 1-1: Fly out, F9 (Flyball, 9, EV 93.1 MPH)
|
|
Batting: LHB Dan Bremseth
|
0-0: Ball 1-0: Called Strike 1-1: Foul Ball, location: 2F 1-2: Ball 2-2: Ball 3-2: DOUBLE (Line Drive, 78D, EV 111.3 MPH)
|
|
Batting: SHB Keith Casner
|
0-0: Ball 1-0: Called Strike 1-1: Swinging Strike 1-2: Foul Ball, location: 2F 1-2: Ground out 6-3 (Groundball, 6M, EV 87.5 MPH)
|
| Bottom of the 7th over - 0 runs, 1 hit, 0 errors, 1 left on base; Southern Maryland 5 - New Jersey 1 |
| TOP OF THE 8TH |
|
Southern Maryland Blue Crabs batting - Pitching for New Jersey Devils : LHP Jared Deckard
|
|
Pitching: RHP Jason Jones
|
|
|
Batting: RHB Tony Godley
|
0-0: Called Strike 0-1: Ball 1-1: Ball 2-1: DOUBLE (Flyball, 8LXD, EV 92.5 MPH)
|
|
Batting: RHB Honório Szenes
|
0-0: Called Strike 0-1: Ball Passed Ball! Tony Godley to third 1-1: Called Strike 1-2: Ball 2-2: Ball 3-2: Ground out 6-3 (Groundball, 6, EV 83.1 MPH) Tony Godley scores
|
|
Batting: RHB Matt Berrier
|
0-0: Ball 1-0: Swinging Strike 1-1: Called Strike 1-2: Ball 2-2: Foul Ball, location: 2F 2-2: Foul Ball, location: 2F 2-2: Strikes out swinging
|
|
Batting: RHB Danny Ayala
|
0-0: Foul Ball, location: 2F 0-1: Ball 1-1: Called Strike 1-2: Fly out, F8 (Line Drive, 8RD, EV 96.9 MPH)
|
| Top of the 8th over - 1 run, 1 hit, 0 errors, 0 left on base; Southern Maryland 6 - New Jersey 1 |
| BOTTOM OF THE 8TH |
|
New Jersey Devils batting - Pitching for Southern Maryland Blue Crabs : RHP Oscar Chacon
|
|
Pinch Hitting: LHB Jeremy Moorehead
|
0-0: Ball 1-0: Called Strike 1-1: Foul Ball, location: 2F 1-2: Ball 2-2: Ball 3-2: SINGLE (Flyball, 6D, EV 82.5 MPH)
|
|
Batting: SHB Jerry Burrows
|
0-0: Swinging Strike 0-1: DOUBLE (Groundball, 3L, EV 101.9 MPH) Jeremy Moorehead to third
|
|
Batting: LHB Matt Baker
|
0-0: Called Strike 0-1: Called Strike 0-2: TRIPLE (Flyball, 89XD, EV 100.6 MPH) Jeremy Moorehead scores Jerry Burrows scores
|
|
Batting: SHB Alex Cavazos
|
0-0: Ball 1-0: Ball Wild Pitch! Matt Baker scores 2-0: Ball 3-0: Called Strike 3-1: Foul Ball, location: 2F 3-2: Fly out, F8 (Flyball, 8RM, EV 76.9 MPH)
|
|
Pitching: RHP Mark Lloyd
|
|
|
Batting: RHB Bobby Coulombe
|
0-0: Called Strike 0-1: Ball 1-1: Foul Ball, location: 2F 1-2: Ball 2-2: Foul Ball, location: 2F 2-2: Strikes out swinging
|
|
Batting: RHB Gang-sheng Chew
|
0-0: Ball 1-0: Foul Ball, location: 2F 1-1: Ball 2-1: Ground out 6-3 (Groundball, 56, EV 98.8 MPH)
|
| Bottom of the 8th over - 3 runs, 3 hits, 0 errors, 0 left on base; Southern Maryland 6 - New Jersey 4 |
| TOP OF THE 9TH |
|
Southern Maryland Blue Crabs batting - Pitching for New Jersey Devils : RHP Jason Jones
|
|
Now at 1B: Justin Wallace
|
|
|
Batting: RHB Danny Baeza
|
0-0: Hit by Pitch
|
|
Batting: RHB Ben Sutton
|
0-0: Ball 1-0: Sac Bunt to 13 - play at first, batter OUT! 1-4 Danny Baeza to second
|
|
Batting: RHB Daniel Jackson
|
0-0: Called Strike 0-1: Ball 1-1: Foul Ball, location: 2F 1-2: Ball 2-2: Fly out, F7 (Flyball, 7D, EV 92.5 MPH) Runner from 2nd tags up, SAFE at 3rd, no throw by LF
|
|
Batting: RHB J.J. Basil
|
0-0: Ball 1-0: Ground out 5-3 (Groundball, 5, EV 78.8 MPH)
|
| Top of the 9th over - 0 runs, 0 hits, 0 errors, 1 left on base; Southern Maryland 6 - New Jersey 4 |
| BOTTOM OF THE 9TH |
|
New Jersey Devils batting - Pitching for Southern Maryland Blue Crabs : RHP Mark Lloyd
|
|
Pitching: RHP Tim Bemish
|
|
|
Now at 3B: Mike Pitts
|
|
|
Batting: LHB Bayesa Mundhir
|
0-0: SOLO HOME RUN (Flyball, 7D, EV 96.9 MPH), Distance : 364 ft
|
|
Batting: LHB Dan Bremseth
|
0-0: Ball 1-0: Foul Ball, location: 2F 1-1: Foul Ball, location: 2F 1-2: Foul Ball, location: 2F 1-2: Foul Ball, location: 2F 1-2: Strikes out swinging
|
|
Batting: SHB Keith Casner
|
0-0: Called Strike 0-1: Called Strike 0-2: Ball 1-2: Ball 2-2: Strikes out swinging
|
|
Batting: SHB Justin Wallace
|
0-0: Called Strike 0-1: Fly out, F8 (Line Drive, 8LD, EV 104.4 MPH)
|
| Bottom of the 9th over - 1 run, 1 hit, 0 errors, 0 left on base; Southern Maryland 6 - New Jersey 5 |
|